Map: Orbital Shipyard

Players

Womec - Winner!

  • Race: Terran Terran
  • League: Platinum

MaSsSsDrOnEs

  • Race: Zerg Zerg
  • League: Platinum

VOD

Have the link to the VOD?

Description

3CC into Triple Port Banshee Harass or Liberators if 2 base muta, transition to mech + liberators and do hellion/banshee harass.

Time

  • Played on: Oct. 30, 2015, 11:34 p.m.
  • Length: 21:35
Show
View Real Time Build Order
Export as new Build Order

Womec Terran - Winner!

Build Orders: Command Center First (CC), Hellion Banshee 

Get SALT Encoding   

  12  0:01  SCV  
  13  0:13  SCV  
  14  0:18  Supply Depot  
  14  0:25  SCV  
  15  0:39  SCV  
  16  0:51  SCV  
  17  1:00  Command Center  
  17  1:03  SCV  
  18  1:14  Barracks  
  18  1:17  SCV  
  19  1:23  Refinery  
  19  1:29  SCV  
  20  1:40  Refinery  
  20  1:41  SCV  
  21  1:54  SCV  
  22  2:04  Bunker  
  22  2:06  Orbital Command  
  22  2:11  Marine  
  22  2:12  Orbital Command  
  23  2:26  Factory  
  23  2:34  Supply Depot  
  23  2:36  SCV  
  24  2:39  SCV  
  24  2:43  Barracks Reactor  
  25  2:50  SCV  
  26  2:57  SCV  
  27  3:03  SCV  
  28  3:12  SCV, Starport  
  29  3:18  Command Center  
  29  3:27  SCV  
  29  3:28  Hellion x2  
  29  3:29  Starport  
  29  3:32  SCV, Barracks Tech Lab  
  35  3:39  SCV  
  36  3:45  SCV, Refinery  
  36  3:46  Supply Depot, Refinery  
  37  3:50  Hellion  
  37  3:55  SCV  
  40  3:57  SCV  
  40  4:00  Hellion  
  43  4:07  SCV  
  43  4:09  SCV  
  45  4:19  Banshee, SCV  
  45  4:20  Cloaking Field  
  45  4:21  SCV  
  45  4:22  Hellion x2  
  54  4:30  Orbital Command  
  54  4:31  SCV  
  55  4:34  SCV  
  55  4:35  Starport  
  56  4:43  SCV  
  57  4:46  SCV  
  57  4:48  Starport  
  58  4:55  SCV  
  57  5:05  Banshee  
  44  5:07  SCV x2, Orbital Command  
  56  5:12  Engineering Bay  
  56  5:14  Starport Tech Lab  
  56  5:18  Widow Mine x2  
  56  5:19  SCV  
  61  5:24  SCV  
  61  5:25  Starport Tech Lab  
  62  5:33  Banshee, Armory  
  66  5:35  SCV x2  
  67  5:42  Missile Turret  
  67  5:56  Refinery  
  66  5:58  Missile Turret  
  66  6:01  Refinery  
  66  6:03  Banshee  
  69  6:11  Supply Depot  
  69  6:12  Supply Depot  
  69  6:14  Supply Depot x2  
  69  6:19  Missile Turret  
  69  6:29  Missile Turret, Liberator  
  69  6:33  Banshee x2, Hellion x2, SCV  
  69  6:34  SCV x2  
  82  6:40  Supply Depot x2  
  82  6:41  Missile Turret, Terran Ship Weapons Level 1  
  82  6:43  Armory  
  82  6:45  SCV  
  82  6:46  SCV x2  
  88  6:57  SCV  
  88  6:58  SCV x2, Liberator  
  88  6:59  Hellion x2, Liberator  
  95  7:06  Supply Depot  
  95  7:09  SCV  
  95  7:12  Liberator  
  95  7:13  Command Center  
  104  7:32  Factory x2  
  104  7:41  Liberator  
  104  7:42  Liberator  
  104  7:43  Hellion x2  
  108  7:48  Supply Depot  
  108  7:51  Terran Vehicle And Ship Armor Level 1, Supply Depot  
  108  7:55  Supply Depot, Liberator  
  108  8:05  SCV x2, Fusion Core  
  116  8:12  Hellion x2  
  123  8:24  Liberator  
  123  8:26  Liberator  
  123  8:36  Factory Tech Lab x2  
  123  8:38  Liberator  
  129  8:49  Hellion  
  129  8:50  Hellion  
  136  8:58  Factory  
  136  9:06  Hellion x10  
  136  9:08  Siege Tank x2  
  142  9:12  Terran Vehicle Weapons Level 1  
  142  9:19  Hyperflight Rotors  
  142  9:21  Armory  
  142  9:22  Advanced Ballistics  
  142  9:23  Widow Mine x2  
  128  9:56  Factory Tech Lab  
  128  9:58  Hellion x4  
  136  10:00  Liberator x3  
  136  10:07  Command Center  
  136  10:09  Command Center  
  136  10:19  Hellion  
  136  10:20  Hellion x3  
  153  10:33  Refinery, Siege Tank, Missile Turret  
  153  10:35  Refinery, Missile Turret  
  156  10:36  Missile Turret x2  
  156  10:41  Hellion  
  158  10:43  Siege Tank x2  
  158  10:45  Planetary Fortress  
  164  10:50  Liberator  
  164  10:59  Infernal Pre-Igniter  
  164  11:01  Terran Vehicle And Ship Armor Level 2, Liberator  
  164  11:02  Terran Ship Weapons Level 2  
  164  11:04  SCV x3  
  164  11:11  Supply Depot  
  162  11:12  Supply Depot x2  
  162  11:13  Supply Depot x2  
  162  11:16  SCV x2  
  164  11:18  SCV, Siege Tank x2  
  164  11:25  Liberator  
  174  11:28  Hellion x3  
  180  11:34  Planetary Fortress  
  180  11:37  Missile Turret  
  183  11:49  Hellion x3  
  183  11:50  Siege Tank  
  183  11:51  Hellion  
  183  11:52  Liberator x2  
  186  12:10  Hellion, Siege Tank  
  186  12:11  Hellion  
  186  12:12  Siege Tank  
  196  12:23  Siege Tank  
  196  12:26  SCV  
  196  12:28  Terran Vehicle Weapons Level 2  
  200  12:37  Supply Depot  
  200  12:41  Missile Turret  
  200  12:43  Missile Turret  
  200  13:00  Refinery  
  200  13:05  Refinery  
  191  13:26  Siege Tank x3  
  200  13:48  Hellion x2  
  199  14:02  Factory x2  
  196  14:03  Factory x2  
  156  14:33  Hellion x5  
  160  14:42  Liberator x3  
  145  14:54  Hellion  
  145  14:55  Hellion x4  
  164  15:05  Planetary Fortress  
  164  15:08  Command Center  
  164  15:16  Hellion x5  
  168  15:25  Liberator x2  
  168  15:26  Terran Vehicle Weapons Level 3  
  168  15:27  Terran Vehicle And Ship Armor Level 3  
  168  15:28  Terran Ship Weapons Level 3  
  144  15:37  Hellion x3  
  156  16:06  Missile Turret  
  156  16:07  Missile Turret x2  
  156  16:09  Missile Turret x2  
  156  16:12  Sensor Tower  
  156  16:13  Hellion x3, Siege Tank x2, Missile Turret  
  156  16:17  Liberator x3  
  168  16:21  Factory Tech Lab  
  168  16:23  Factory Tech Lab x2  
  168  16:24  Hellion x18  
  168  16:25  Factory Tech Lab  
  177  16:57  Hellion x9  
  177  16:59  Liberator  
  195  17:03  Orbital Command  
  195  17:16  Command Center  
  198  17:42  Liberator  
  182  17:56  Liberator x2  
  182  17:57  Hellion x9  
  177  18:15  Missile Turret x2  
  177  18:16  Refinery, Missile Turret  
  177  18:18  Hellion x7, Refinery, Missile Turret  
  195  18:25  Liberator  
  183  18:28  Siege Tank x2  
  185  18:38  Liberator  
  185  18:39  Siege Tank x3  
  185  18:40  Missile Turret  
  194  18:43  Planetary Fortress  
  180  20:23  Hellion, Siege Tank x2  
  180  20:24  Hellion x6  
  198  20:45  Hellion  
  197  20:52  Hellion  
Show
View Real Time Build Order
Export as new Build Order

MaSsSsDrOnEs Zerg 

Build Orders: Hatch First 

Get SALT Encoding   

  12  0:01  Drone  
  13  0:09  Drone  
  14  0:21  Extractor x2  
  14  0:22  Drone  
  14  0:23  Drone  
  16  0:44  Hatchery  
  15  0:50  Overlord  
  15  1:06  Spawning Pool  
  15  1:09  Drone  
  15  1:12  Drone  
  15  1:15  Drone  
  17  1:22  Drone  
  18  1:32  Drone  
  19  1:44  Hatchery  
  19  1:47  Drone  
  19  1:54  Queen  
  19  1:57  Drone  
  19  2:00  Zergling x2  
  23  2:04  Drone  
  24  2:09  Drone  
  24  2:14  Queen  
  27  2:16  Drone  
  28  2:26  Overlord  
  28  2:44  Queen  
  28  2:46  Zergling x4  
  28  2:49  Drone  
  28  2:50  Drone x2  
  35  2:53  Drone  
  35  2:55  Queen  
  35  2:56  Overlord  
  38  3:00  Overlord  
  38  3:04  Drone  
  39  3:06  Queen  
  39  3:09  Drone  
  42  3:15  Drone  
  42  3:16  Drone x3  
  46  3:21  Drone x2  
  48  3:27  Overlord  
  48  3:30  Drone x3  
  48  3:31  Drone  
  48  3:32  Drone  
  53  3:36  Extractor x2  
  53  3:37  Drone  
  52  3:50  Overlord x2  
  52  3:53  Drone x6  
  58  4:05  Drone  
  58  4:06  Roach Warren  
  58  4:07  Evolution Chamber  
  58  4:08  Evolution Chamber  
  56  4:10  Drone x2  
  56  4:11  Drone, Extractor x2  
  56  4:12  Drone x2  
  59  4:27  Metabolic Boost  
  59  4:29  Drone x9  
  68  4:33  Drone  
  68  4:34  Drone  
  70  4:43  Lair  
  70  4:44  Drone  
  70  4:45  Drone x4  
  75  4:49  Baneling Nest  
  73  4:53  Roach x3  
  73  4:54  Zergling x2  
  73  4:55  Zergling x2  
  71  5:15  Zerg Ground Armor Level 1  
  71  5:17  Overlord x2  
  71  5:20  Overlord  
  71  5:28  Drone x4  
  72  5:29  Drone x4  
  72  5:31  Extractor  
  72  5:32  Extractor  
  77  5:41  Hatchery  
  77  5:42  Zergling x2  
  77  5:43  Zergling x12  
  77  5:46  Spore Crawler  
  77  5:48  Spore Crawler  
  81  5:50  Spore Crawler  
  81  5:52  Zerg Melee Weapons Level 1  
  77  6:02  Drone x6  
  77  6:03  Drone  
  83  6:21  Centrifical Hooks  
  83  6:24  Spire  
  82  6:33  Drone x3  
  82  6:35  Drone x3  
  82  6:36  Drone x3  
  82  6:38  Drone x2  
  93  6:44  Drone  
  93  6:45  Hatchery  
  93  6:56  Hydralisk Den  
  91  7:01  Zergling x2  
  91  7:02  Zergling x16  
  91  7:07  Spore Crawler  
  99  7:12  Spore Crawler x2  
  99  7:13  Spore Crawler x2  
  95  7:16  Spore Crawler  
  88  7:33  Muscular Augments  
  88  7:34  Glial Reconstitution  
  88  7:35  Zerg Missile Weapons Level 1  
  85  7:38  Drone x6  
  85  7:39  Drone x6  
  85  7:40  Hatchery  
  81  7:51  Hydralisk  
  81  7:52  Hydralisk x3  
  81  7:53  Hatchery  
  88  8:04  Hydralisk x5  
  98  8:15  Hydralisk  
  98  8:16  Hydralisk x4  
  108  8:21  Zerg Ground Armor Level 2  
  108  8:24  Overlord x2  
  108  8:31  Overseer  
  108  8:32  Pneumatized Carapace  
  108  8:45  Hydralisk  
  108  8:46  Hydralisk x7  
  124  8:56  Drone  
  124  8:57  Drone x8  
  124  9:00  Overlord  
  124  9:01  Overlord  
  133  9:04  Overseer  
  133  9:15  Drone x6  
  133  9:16  Overlord  
  139  9:17  Overlord  
  139  9:28  Hydralisk x4  
  139  9:29  Hydralisk  
  149  9:33  Overlord, Infestation Pit  
  146  9:52  Extractor  
  141  9:53  Spore Crawler, Extractor  
  141  9:54  Spore Crawler  
  141  9:55  Spore Crawler  
  141  9:56  Spine Crawler  
  141  9:57  Spine Crawler  
  135  10:01  Zerg Flyer Weapons Level 1  
  135  10:02  Corruptor x6  
  145  10:15  Extractor  
  145  10:17  Overlord x3  
  145  10:18  Drone  
  145  10:19  Drone x2, Extractor  
  138  10:29  Hatchery  
  134  10:41  Drone x3  
  139  10:42  Drone x2  
  139  10:43  Drone x2  
  139  10:44  Drone x2  
  139  10:45  Drone x3  
  146  10:51  Drone  
  146  10:52  Drone x3  
  148  11:05  Hatchery x2  
  146  11:15  Hatchery  
  146  11:16  Drone  
  146  11:17  Drone x2  
  148  11:34  Corruptor  
  148  11:35  Corruptor x7  
  148  11:39  Overlord x2  
  164  11:46  Zerg Missile Weapons Level 2  
  164  11:55  Zerg Flyer Armor Level 1  
  164  12:03  Spore Crawler x2  
  164  12:04  Spore Crawler  
  161  12:16  Hive  
  161  12:17  Lurker Den  
  161  12:18  Hydralisk x10  
  181  12:32  Drone  
  181  12:33  Drone x6  
  181  12:36  Hatchery  
  186  12:40  Drone x3  
  186  12:43  Drone x2  
  193  12:44  Drone  
  191  13:06  Spore Crawler x2  
  191  13:07  Spore Crawler  
  191  13:08  Spore Crawler  
  191  13:10  Spore Crawler  
  191  13:11  Drone  
  191  13:12  Drone, Spore Crawler  
  185  13:13  Extractor  
  185  13:15  Roach  
  185  13:16  Roach x6, Extractor  
  182  13:29  Drone x2  
  182  13:30  Drone x10  
  189  13:52  Zerg Flyer Weapons Level 2  
  189  13:59  Drone  
  189  14:00  Drone x7  
  170  14:29  Corruptor x7  
  136  14:43  Corruptor  
  136  14:44  Corruptor x2  
  128  14:49  Corruptor  
  128  14:50  Corruptor  
  128  14:52  Drone  
  121  14:53  Drone x2  
  105  15:04  Drone  
  105  15:05  Drone x2  
  88  15:21  Drone  
  88  15:22  Drone x10  
  69  15:41  Drone x4  
  69  15:44  Queen  
  66  16:06  Viper x6  
  66  16:08  Zerg Flyer Armor Level 2  
  84  16:21  Infestor x4  
  92  16:33  Infestor x3  
  92  16:36  Infestor  
  100  16:46  Infestor  
  100  16:47  Infestor x2  
  106  16:57  Hydralisk  
  106  16:58  Hydralisk x3  
  114  17:04  Roach x2  
  114  17:05  Roach  
  120  17:09  Roach  
  122  17:35  Drone x2  
  122  17:36  Drone x4  
  115  17:59  Hydralisk  
  115  18:00  Hydralisk x9  
  131  18:33  Hatchery  
  130  18:50  Infestor x3  
  130  18:51  Infestor x3  
  142  18:55  Extractor  
  142  19:00  Zerg Melee Weapons Level 2  
  142  19:01  Hatchery, Ultralisk Cavern  
  139  19:10  Hatchery  
  138  19:20  Drone  
  138  19:21  Drone x7  
  146  19:27  Overlord x3  
  146  19:40  Hydralisk  
  146  19:41  Hydralisk x4  
  83  20:23  Hydralisk  
  83  20:24  Hydralisk x11  
  97  20:50  Hydralisk x3  
  97  20:51  Zergling x2  
  97  20:52  Zergling x28  
  103  21:02  Drone x2  
  103  21:03  Drone x4  
  99  21:16  Zergling x2  
  99  21:17  Zergling x6  
Tags
 
Add a new tag
Caveats
  • Supply blocks, unpowered buildings, or Contaminate may cause inaccurate times.
  • Supply counts are checked every 10 seconds.